 Dungeon Crawl Stone Soup version 0.21-a0-200-gb89f83b (webtiles) character file.

254 namelastname112 the Conjurer (level 5, 0/42 HPs)
             Began as a Draconian Conjurer on Aug 16, 2017.
             Killed from afar by a dart slug (4 damage)
             ... with a slug dart
             ... on level 4 of the Dungeon.
             The game lasted 00:04:43 (3620 turns).

namelastname112 the Conjurer (Draconian Conjurer)   Turns: 3620, Time: 00:04:44

Health: 0/42       AC:  1    Str: 10    XL:     5   Next: 90%
Magic:  1/9        EV: 13    Int: 17    God:
Gold:   120        SH:  4    Dex: 11    Spells: 5/10 levels left

rFire    . . .     SeeInvis .   c - +1 short sword
rCold    . . .     Gourm    .   (no shield)
rNeg     . . .     Faith    .   (armour unavailable)
rPois    +         Spirit   .   (helmet restricted)
rElec    .         Reflect  +   (no cloak)
rCorr    .         Harm     .   (no gloves)
MR       .....                  (no boots)
Stlth    ++........             j - +4 amulet of reflection
HPRegen  0.14/turn              d - ring of poison resistance
MPRegen  0.11/turn              u - +1 ring of slaying

@: corroded
A: unfitting armour, cold-blooded, AC +5
a: no special abilities


You were on level 4 of the Dungeon.
You were not hungry.

You visited 1 branch of the dungeon, and saw 4 of its levels.

You collected 120 gold pieces.

Inventory:

Hand Weapons
 c - a +1 short sword (weapon)
Jewellery
 d - a ring of poison resistance (left hand)
 j - a +4 amulet of reflection (around neck)
 o - an uncursed ring of flight {unknown}
 t - an uncursed ring of fire
 u - a +1 ring of slaying (right hand)
Wands
 q - a wand of random effects (30/48)
Scrolls
 e - a scroll of enchant weapon
 f - 2 scrolls of identify
 h - 2 scrolls of enchant armour {unknown}
 i - a scroll of magic mapping {unknown}
 s - a scroll of fog {unknown}
 v - a scroll of remove curse
Potions
 g - a potion of brilliance
 l - a potion of heal wounds {unknown}
 n - 4 potions of mutation {unknown}
 r - a potion of cancellation {unknown}
Books
 a - a book of Conjurations

   Spells                             Type                      Level
   a - Magic Dart                     Conjuration                  1
   b - Searing Ray                    Conjuration                  2
   c - Dazzling Spray                 Conjuration/Hexes            3
   d - Fulminant Prism                Conjuration/Hexes            4
   e - Force Lance                    Conjuration/Translocation    4
   f - Iskenderun's Mystic Blast      Conjuration                  4
 p - a book of Minor Magic

   Spells                             Type                      Level
   a - Magic Dart                     Conjuration                  1
   b - Blink                          Translocation                2
   c - Call Imp                       Summoning                    2
   d - Slow                           Hexes                        2
   e - Conjure Flame                  Conjuration/Fire             3
   f - Mephitic Cloud                 Conjuration/Poison/Air       3
Comestibles
 b - 2 bread rations
 k - 2 royal jellies
 m - 3 meat rations


   Skills:
 + Level 2.4 Fighting
 + Level 3.0 Dodging
 - Level 1.7 Stealth
 + Level 3.1 Spellcasting
 * Level 5.5 Conjurations


You had 5 spell levels left.
You knew the following spells:

 Your Spells              Type           Power        Failure   Level  Hunger
e - Blink                 Tloc           N/A          26%         2    ##.....
x - Searing Ray           Conj           ###...       2%          2    ##.....
z - Magic Dart            Conj           ###.         1%          1    None


Dungeon Overview and Level Annotations

Branches:
Dungeon (4/15)
 Temple: D:4-7

Altars:
Ashenzari
Elyvilon
Nemelex Xobeh
Trog
Xom
Zin


Innate Abilities, Weirdness & Mutations

Your plain brown scales are hard. (AC +5)
You cannot fit into any form of body armour.
You are cold-blooded and may be slowed by cold attacks.


Message History

* * * LOW HITPOINT WARNING * * *
The jelly hits you.
* * * LOW HITPOINT WARNING * * *
You are splashed with acid!
The acid burns!
* * * LOW HITPOINT WARNING * * *
You take 23 damage, and have 3/41 hp.
MASSIVE DAMAGE!!
Casting: Magic Dart
Confirm with . or Enter, or press ? or * to list all spells.
Aiming: Magic Dart
Press: ? - help, Shift-Dir - straight line, f/p - jelly
Aim: a jelly (almost dead)
The magic dart hits the jelly.
You kill the jelly!
Your Dodging skill increases to level 3!
You now have 0/9 mp.
The dart slug launches a dart at you. The slug dart misses you.
The dart slug launches a dart at you. The slug dart hits you!
You die...

..#.†≈≈.8≈≈..[≈
.....≈≈...$.<...?[≈≈...
##..≈≈≈.≈≈#...≈...≈≈≈.
. ##..#≈≈≈.≈≈≈≈≈≈≈≈≈≈≈≈
.. .....≈≈≈≈#≈≈≈≈≈≈≈≈≈≈
... ......≈≈#≈≈≈≈≈≈≈≈≈≈
.... ......≈≈≈≈≈≈≈≈≈≈≈≈
.....
..#....≈≈≈≈#≈≈≈≈≈#...#
........†≈≈≈≈#≈≈@..#
..#....(..≈≈.≈≈...###.
...##..................
...............??.###..
....###.###....[..#
.... #.###.......#
...####.#...####.....
.........w### ##....
............# #..##


You could see a dart slug.

Vanquished Creatures
  A jelly (D:4)
  2 orc wizards
  Terence (D:3)
  A worker ant (D:4)
  An adder (D:4)
  2 oozes
  10 dart slugs
  A worm (D:2)
  3 leopard geckos (D:1)
  5 orcs
  5 bats
  3 giant cockroaches
  3 hobgoblins
  14 jackals
  5 kobolds
  A quokka (D:2)
  2 ball pythons
  3 frilled lizards (D:1)
  6 goblins
  5 rats
74 creatures vanquished.

Notes
Turn   | Place    | Note
-------+----------+-------------------------------------------
     0 | D:1      | namelastname112 the Draconian Conjurer began the quest for the Orb.
     0 | D:1      | Reached XP level 1. HP: 14/14 MP: 3/3
   415 | D:1      | Reached XP level 2. HP: 18/20 MP: 0/5
   463 | D:1      | Learned a level 2 spell: Searing Ray
   882 | D:1      | Reached XP level 3. HP: 27/27 MP: 4/6
   951 | D:1      | Found a shimmering altar of Xom.
   953 | D:1      | Found a glowing silver altar of Zin.
   953 | D:1      | Found a shimmering altar of Xom.
   955 | D:1      | Found a shattered altar of Ashenzari.
   955 | D:1      | Found a white marble altar of Elyvilon.
   955 | D:1      | Found a white marble altar of Elyvilon.
  1790 | D:2      | Found a sparkling altar of Nemelex Xobeh.
  2140 | D:3      | Found a bloodstained altar of Trog.
  2222 | D:3      | Found a shattered altar of Ashenzari.
  2286 | D:3      | Reached XP level 4. HP: 34/34 MP: 7/7
  2314 | D:3      | Learned a level 2 spell: Blink
  2336 | D:3      | Noticed Terence
  2367 | D:3      | Killed Terence
  2367 | D:3      | Reached skill level 1 in Fighting
  2630 | D:3      | Reached skill level 5 in Conjurations
  3150 | D:4      | Reached XP level 5. HP: 40/40 MP: 2/9
  3620 | D:4      | Killed from afar by a dart slug

Vault maps used:
D:1:      dpeg_arrival_water_fire, doesnt_xom_only_xom
D:2:      old_standard_altar
D:3:      ashenzari_altar_1, overflow_temple_1_default, first_bread,
          uniq_terence
D:4:      kennysheep_slugbush, nicolae_overflow_hidden_temple,
          lemuel_temple_firewalk_b, abandoned_shop

Skill      XL: |  1  2  3  4  5 |
---------------+----------------+-----
Dodging        | 2 3 |  3.0
Fighting       | 1 2 |  2.4
Conjurations   | 5 |  5.5
Spellcasting   | 3 |  3.1
Stealth        | |  1.7

Action                   |  1- 3 |  4- 6 || total
-------------------------+-------+-------++-------
Melee: Short sword       |    59 |    49 ||   108
       Unarmed           |     7 |       ||     7
       Tailslap          |    11 |     6 ||    17
       Dagger            |    46 |       ||    46
 Cast: Magic Dart        |    84 |    58 ||   142
       Searing Ray       |       |     1 ||     1
  Use: Scroll            |     3 |       ||     3
  Eat: Chunk             |     6 |     4 ||    10
Armor: Skin              |    35 |    15 ||    50
Dodge: Dodged            |    80 |    47 ||   127
Block: Other             |    11 |    11 ||    22
       Reflection        |       |     2 ||     2
